 Dungeon Crawl Stone Soup version 0.16.2-12-gd0ad4c3 (webtiles) character file.

11746 Appriser the Basher (level 11, -6/120 HPs)
             Began as an Ogre Berserker on Sept 17, 2015.
             Was a High Priest of Trog.
             Mangled by a freezing wraith (19 damage)
             ... in an ice cave.
             The game lasted 01:03:27 (10303 turns).

Appriser the Basher (Ogre Berserker)               Turns: 10303, Time: 01:03:27

Health: -6/120     AC:  6    Str: 24    XL:     11   Next: 82%
Magic:  11/11      EV: 16    Int:  8    God:    Trog [*****.]
Gold:   529        SH:  0    Dex: 10    Spells: 0 memorised, 10 levels left

rFire  + . .     SeeInvis .     a - +0 giant spiked club
rCold  . . .     Clarity  .     L - +2 robe {rF+}
rNeg   . . .     SustAb   .     (shield restricted)
rPois  .         Gourm    .     (helmet restricted)
rElec  .         Spirit   .     (no cloak)
rCorr  .         Warding  .     (gloves unavailable)
rMut   .         Stasis   .     (boots unavailable)
MR     +....                    (no amulet)
Stlth  +.........               E - +4 ring of slaying
                                J - +2 ring of evasion

@: slowed, very slow, somewhat resistant to hostile enchantments, very
unstealthy
A: unfitting armour, mutation resistance 1, shaggy fur 1, tough skin 1
a: Burn Spellbooks, Berserk, Trog's Hand, Brothers in Arms, Renounce Religion


You were in an ice cave.
You worshipped Trog.
Trog was extremely pleased with you.
You were hungry.

You visited 2 branches of the dungeon, and saw 11 of its levels.
You also visited: Ice Cave.

You collected 529 gold pieces.

Inventory:

Hand weapons
 a - a +0 giant spiked club (weapon)
 b - a +0 blowgun
 u - a +2 antimagic great mace
 v - a +2 flail of holy wrath
Missiles
 k - 2 poisoned javelins
 l - 107 stones
 m - 2 silver tomahawks
 x - 5 tomahawks
 B - 25 poisoned needles
 I - 2 tomahawks of returning (quivered)
 O - a throwing net
Armour
 L - a +2 robe of fire resistance (worn)
Jewellery
 j - an uncursed ring of see invisible
 o - an uncursed ring of fire
 q - an uncursed ring of sustain abilities
 E - a +4 ring of slaying (right hand)
 J - a +2 ring of evasion (left hand)
Magical devices
 A - a wand of digging (12)
 C - a wand of cold (8)
 Q - a wand of magic darts (12)
Scrolls
 d - 3 scrolls of noise
 h - 2 scrolls of blinking
 n - 6 scrolls of teleportation
 y - 2 scrolls of remove curse
 D - 2 scrolls of enchant armour {unknown}
 G - a scroll of silence
 H - a scroll of fog
 N - 2 scrolls of summoning {unknown}
Potions
 e - 2 potions of invisibility
 g - 3 potions of ambrosia
 p - a potion of beneficial mutation {unknown}
 r - 3 potions of restore abilities
 w - 2 potions of agility
 z - 2 potions of haste
 F - a potion of might
 K - a potion of cure mutation {unknown}
 P - a potion of heal wounds {unknown}
Books
 t - a book of Callings

   Spells                             Type                      Level
   a - Summon Small Mammal            Summoning                    1
   b - Call Imp                       Summoning                    2
   c - Call Canine Familiar           Summoning                    3
   d - Summon Guardian Golem          Hexes/Summoning              4
   e - Summon Lightning Spire         Summoning/Air                4
   f - Summon Ice Beast               Ice/Summoning                4
   Trog disapproves of the use of such an item.
 M - a book of Transfigurations

   Spells                             Type                      Level
   a - Stoneskin                      Transmutation/Earth          2
   b - Irradiate                      Conjuration/Transmutation    5
   c - Statue Form                    Transmutation/Earth          6
   d - Hydra Form                     Transmutation                6
   e - Dragon Form                    Transmutation                7
   Trog disapproves of the use of such an item.
Comestibles
 c - 6 meat rations
 f - 12 bread rations
 i - 9 fruits
 s - a royal jelly
 R - 2 chunks of flesh


   Skills:
 + Level 11.4 Fighting
 * Level 13.0 Maces & Flails
 + Level 7.2 Throwing
 - Level 1.5 Armour
 + Level 10.7 Dodging


You had 10 spell levels left.
You didn't know any spells.

Dungeon Overview and Level Annotations

Branches:
Dungeon (10/15)            Temple (0/1) D:5            Lair (1/8) D:10
    Orc: D:9-12

Altars:
Cheibriados
Dithmenos
Fedhas
Makhleb
Okawaru
Qazlal
Trog
Vehumet

Shops:
D:5 (


Innate Abilities, Weirdness & Mutations

You are too large for most types of armour.
You have tough skin (AC +1).
You are somewhat resistant to further mutation.
You are covered in fur (AC +1).


Message History

The freezing wraith closely misses you.
You impale the freezing wraith!!
The freezing wraith is severely damaged.
The freezing wraith hits you but does no damage. x2
The freezing wraith hits you! The freezing wraith freezes you!
The freezing wraith barely misses you.
You sock the freezing wraith!
The freezing wraith is moderately damaged.
The freezing wraith hits you but does no damage.
The freezing wraith hits you! The freezing wraith drains your vigour!
You feel yourself slow down.
Use which ability? (? or * to list)
Your deep troll goes berserk!
You are feeling hungry.
The freezing wraith hits you. The freezing wraith freezes you!!
* * * LOW HITPOINT WARNING * * *
The freezing wraith barely misses you. The freezing wraith hits you!
* * * LOW HITPOINT WARNING * * *
The freezing wraith freezes you!!
You die...

###### ###...T##
#...WW..#
#...###@.##
#...###..##
#...###..## #...#
#...# ..# #..##
##### # #...###
###...####
##....###........##
##...............##
####.............#


You could see 2 freezing wraiths and a friendly deep troll (berserk).

Vanquished Creatures
  The ghost of Scuka the Basher, a powerful GrFi of Okawaru (Lair:1)
  4 hill giants
  Psyche (D:10)
  Grinder (D:6)
  A two-headed ogre (D:8)
  3 wyverns
  2 deep elf magi (D:10)
  2 yaks (D:10)
  A death yak simulacrum (IceCv)
  The ghost of gorblad the Ducker, an average DsGl of Gozag (D:4)
  Edmund (D:8)
  4 orc warriors
  5 sky beasts
  17 ice beasts
  6 ogres
  8 centaurs
  2 big kobolds
  7 giant frogs
  A scorpion (D:7)
  11 killer bees (D:10)
  An electric eel (D:6)
  8 wights
  5 crimson imps
  A goliath beetle (D:9)
  7 orc priests
  2 giant frog zombies
  7 hounds
  A jelly (D:9)
  A quasit (D:10)
  A giant frog skeleton (D:8)
  A centaur skeleton (D:9)
  3 iguanas
  7 orc wizards
  9 worker ants
  A killer bee zombie (D:10)
  A hound skeleton (D:5)
  A mummy (D:7)
  9 gnolls
  A river rat (D:10)
  7 adders
  2 giant mites
  5 white imps (IceCv)
  2 shadow imps
  2 worms (D:3)
  3 adder skeletons
  5 giant geckos
  An ooze (D:2)
  39 orcs
  2 ball pythons (D:8)
  2 bat skeletons
  9 giant cockroaches
  15 hobgoblins
  18 jackals
  15 bats
  A giant gecko zombie (D:6)
  7 giant newts
  A giant spore (D:6)
  11 goblins
  23 kobolds
  8 quokkas
  A quokka skeleton (D:7)
  20 rats
345 creatures vanquished.

Vanquished Creatures (collateral kills)
  A hydra (Lair:1)
  A wolf spider simulacrum (IceCv)
  An iguana (Lair:1)
  2 polar bear simulacra (IceCv)
5 creatures vanquished.

Vanquished Creatures (others)
  A troll (IceCv)
1 creature vanquished.

Grand Total: 351 creatures vanquished

Notes
Turn   | Place    | Note
--------------------------------------------------------------
     0 | D:1      | Appriser, the Ogre Berserker, began the quest for the Orb.
     0 | D:1      | Reached XP level 1. HP: 24/24 MP: 1/1
   116 | D:1      | Reached XP level 2. HP: 20/32 MP: 2/2
   262 | D:1      | Reached skill level 5 in Maces & Flails
   616 | D:1      | Acquired Trog's second power
   659 | D:2      | Reached XP level 3. HP: 37/39 MP: 3/3
   839 | D:2      | Reached skill level 6 in Maces & Flails
  1020 | D:2      | Reached XP level 4. HP: 40/48 MP: 4/4
  1401 | D:2      | Reached skill level 7 in Maces & Flails
  1701 | D:3      | Reached XP level 5. HP: 43/54 MP: 5/5
  2009 | D:3      | Found a bloodstained altar of Trog.
  2011 | D:3      | Found an iron altar of Okawaru.
  2538 | D:3      | Reached skill level 8 in Maces & Flails
  3048 | D:4      | Noticed gorblad's ghost (average DsGl)
  3091 | D:3      | Reached XP level 6. HP: 39/62 MP: 6/6
  3119 | D:3      | Gained mutation: You are covered in fur (AC +1). [potion of mutation]
  3119 | D:3      | Gained mutation: You are somewhat resistant to further mutation. [potion of mutation]
  3371 | D:4      | Noticed an ogre
  3382 | D:4      | Killed an ogre
  3470 | D:4      | Reached skill level 5 in Fighting
  3718 | D:4      | Killed gorblad's ghost
  3718 | D:4      | Reached skill level 9 in Maces & Flails
  3718 | D:4      | Reached XP level 7. HP: 42/72 MP: 7/7
  3903 | D:5      | Entered Level 5 of the Dungeon
  4139 | D:5      | Found Ilumm's Weapon Boutique.
  4163 | D:5      | Acquired Trog's third power
  4304 | D:5      | Found a staircase to the Ecumenical Temple.
  4874 | D:5      | Reached XP level 8. HP: 37/83 MP: 8/8
  5056 | D:7      | Reached skill level 5 in Dodging
  5245 | D:6      | Reached skill level 10 in Maces & Flails
  5310 | D:6      | Found a shadowy altar of Dithmenos.
  5431 | D:6      | Reached XP level 9. HP: 58/93 MP: 9/9
  5436 | D:6      | Noticed Grinder
  5449 | D:6      | Killed Grinder
  5959 | D:6      | Reached skill level 1 in Throwing
  6328 | D:7      | Found a radiant altar of Vehumet.
  6328 | D:7      | Found a blossoming altar of Fedhas.
  6428 | D:7      | Reached skill level 11 in Maces & Flails
  6682 | D:8      | Noticed Edmund
  6691 | D:8      | Killed Edmund
  6706 | D:8      | Found a snail-covered altar of Cheibriados.
  6730 | D:8      | Reached XP level 10. HP: 53/107 MP: 10/10
  7250 | D:8      | Received a gift from Trog
  7579 | D:9      | Noticed a hill giant
  7724 | D:9      | Killed a hill giant
  7881 | D:9      | Reached skill level 10 in Fighting
  7899 | D:9      | Received a gift from Trog
  8054 | D:9      | Reached skill level 5 in Throwing
  8069 | D:9      | You fall through a shaft!
  8069 | D:10     | Entered Level 10 of the Dungeon
  8069 | D:10     | Noticed Psyche
  8077 | D:10     | Paralysed by Psyche for 4 turns
  8087 | D:10     | Killed Psyche
  8145 | D:10     | Found a staircase to the Lair.
  8202 | D:10     | Reached skill level 12 in Maces & Flails
  8279 | D:10     | HP: 2/111 [killer bee (7)]
  8287 | D:10     | Reached XP level 11. HP: 4/119 MP: 11/11
  8326 | D:10     | HP: 5/119 [poisoned by a killer bee]
  8331 | D:10     | HP: 5/119 [poisoned by a killer bee]
  8338 | D:10     | HP: 5/119 [poisoned by a killer bee]
  8346 | D:10     | HP: 5/119 [poisoned by a killer bee]
  8387 | D:10     | Noticed a hill giant
  8484 | D:10     | Killed a hill giant
  8750 | D:10     | Noticed a hill giant
  8803 | D:10     | Killed a hill giant
  8803 | D:10     | Reached skill level 10 in Dodging
  8826 | D:10     | Noticed a hill giant
  8861 | D:10     | Killed a hill giant
  9365 | D:9      | Found a stormy altar of Qazlal.
  9468 | D:9      | Found a burning altar of Makhleb.
  9907 | Lair:1   | Entered Level 1 of the Lair of Beasts
  9929 | Lair:1   | Noticed Scuka's ghost (powerful GrFi)
  9946 | Lair:1   | Killed Scuka's ghost
 10008 | Lair:1   | Noticed an eight-headed hydra
 10023 | Lair:1   | Killed a nine-headed hydra
 10160 | Lair:1   | Found a frozen archway.
 10203 | IceCv    | Entered an ice cave
 10266 | IceCv    | Reached skill level 13 in Maces & Flails
 10303 | IceCv    | Mangled by a freezing wraith

Action                   |  1- 3 |  4- 6 |  7- 9 | 10-12 || total
-------------------------+-------+-------+-------+-------++-------
Melee: Mace              |   119 |   184 |       |       ||   303
       Giant club        |       |    20 |   210 |    43 ||   273
       Whip              |       |       |   114 |       ||   114
       Giant spiked club |       |       |       |   153 ||   153
       Great mace        |       |       |       |    10 ||    10
       Flail             |       |       |       |    14 ||    14
 Fire: Blowgun           |       |       |       |    81 ||    81
Throw: Tomahawk          |       |     4 |     5 |    75 ||    84
       Javelin           |       |       |       |     6 ||     6
       Stone             |       |       |       |     4 ||     4
Invok: Berserk           |       |     2 |     5 |       ||     7
       Trog's Hand       |       |     2 |     3 |     3 ||     8
       Brothers in Arms  |       |       |       |     3 ||     3
  Use: Scroll            |       |    13 |     2 |     9 ||    24
       Potion            |       |     1 |       |     2 ||     3
 Stab: Sleeping          |       |       |       |     2 ||     2
  Eat: Chunk             |       |    10 |    16 |    12 ||    38
       Fruit             |       |       |     1 |       ||     1
